 Dungeon Crawl Stone Soup version 0.30-a0-726-gd89dcf765f (webtiles) character file.

Game seed: 2453571734038930541

120 Bnni the Trooper (level 5, -18/43 HPs)
             Began as a Formicid Fighter on Jan 29, 2023.
             Demolished by an orc
             ... wielding a +1 heavy morningstar
              (20 damage)
             ... on level 3 of the Dungeon.
             The game lasted 00:03:24 (1620 turns).

Bnni the Trooper (Formicid Fighter)                 Turns: 1620, Time: 00:03:24

Health: -18/43     AC: 10    Str: 22    XL:     5   Next: 25%
Magic:  5/5        EV:  9    Int:  8    God:
Gold:   103        SH:  6    Dex: 19    Spells: 4/4 levels left

rFire   . . .      SeeInvis +    a - +0 war axe
rCold   . . .      Faith    +    c - +0 buckler
rNeg    . . .      Spirit   .    b - +0 scale mail
rPois   .          Reflect  .    (helmet unavailable)
rElec   .          Harm     .    (no cloak)
rCorr   .          Rampage  .    (no gloves)
Will    .....                    (no boots) Stlth
                                 h - amulet of faith
HPRegen 0.27/turn                i - +6 ring of dexterity
MPRegen 0.09/turn                t - +4 ring of protection

@: no status effects
A: permanent stasis, dig shafts and tunnels, antennae 3, four strong arms
a: Dig, Shaft Self


You were on level 3 of the Dungeon.
You visited 1 branch of the dungeon, and saw 3 of its levels.

You collected 103 gold pieces.

Inventory:

Hand Weapons
 a - a +0 war axe (weapon)
Missiles
 e - 4 javelins
Armour
 b - a +0 scale mail (worn)
 c - a +0 buckler (worn)
Jewellery
 h - an amulet of faith (around neck)
 i - a +6 ring of dexterity (left hand)
 m - a ring of magical power
 s - an amulet of regeneration
 t - a +4 ring of protection (right hand)
Scrolls
 j - 4 scrolls of identify {unknown}
 k - a scroll of teleportation {unknown}
 l - a scroll of amnesia {unknown}
 n - a scroll of brand weapon {unknown}
 o - a scroll of enchant weapon {unknown}
 q - a scroll of magic mapping {unknown}
 r - a scroll of torment {unknown}
Potions
 d - a potion of might
 f - a potion of heal wounds {unknown}
 g - a potion of curing {unknown}
 p - a potion of invisibility {unknown}


   Skills:
 + Level 4.3 Fighting
 * Level 4.3 Axes
 - Level 3.2 Armour
 - Level 4.0 Shields


You had 4 spell levels left.
You didn't know any spells.
Your spell library contained the following spells:

 Spells                   Type           Power      Damage    Failure   Level
 Sting                    Tmut/Pois      0%         1d3       80%         1
 Poisonous Vapours        Pois/Air       0%         N/A       91%         2
 Olgreb's Toxic Radiance  Pois           0%         N/A       100%        4


Dungeon Overview and Level Annotations

Branches:
Dungeon (3/15)

Altars:

Shops:
D:2 (


Innate Abilities, Weirdness & Mutations

You cannot be hasted, slowed, berserked, paralysed or teleported.
You can dig through walls and to a lower floor.
You have a pair of large antennae on your head. (SInv)
Your four strong arms can wield two-handed weapons with a shield.


Message History

[Y]es or [N]o only, please.
Keep disrobing?
You stop removing your amulet.
The orc shouts!
An adder comes into view.
You hit the orc but do no damage.
The orc hits you with a +1 heavy morningstar!
You closely miss the adder. You barely miss the orc.
The orc hits you with a +1 heavy morningstar!
The adder bites you but does no damage.
You closely miss the adder. You hit the orc but do no damage.
The adder bites you but does no damage. The orc barely misses you.
The adder bites you but does no damage.
You hit the adder.
The adder is heavily wounded.
You hit the orc but do no damage. The adder bites you but does no damage.
The orc barely misses you. The adder bites you.
You are too injured to fight recklessly!
You are too injured to fight recklessly!
You are too injured to fight recklessly!
You are too injured to fight recklessly!
You are too injured to fight recklessly!
You are too injured to fight recklessly!
You closely miss the adder.
The adder is heavily wounded.
The adder barely misses you. The adder bites you but does no damage.
You slash the adder!
You kill the adder!
You closely miss the orc.
The orc hits you with a +1 heavy morningstar!
* * * LOW HITPOINT WARNING * * *
You closely miss the orc.
The orc hits you with a +1 heavy morningstar!
* * * LOW HITPOINT WARNING * * *
Okay, then.
Okay, then.
You barely miss the orc. The orc hits you but does no damage.
You hit the orc but do no damage.
The orc hits you with a +1 heavy morningstar!!
You die...

#### # ##.# #..
...... #.#
#..####.####### #
####>....o........
#.
#........#@######
#.##.##.###.#.#
#.....#.....#.#
######...#..####.#
#...........#....#
#.#########.....##
#.#.............#
{
#.#.########.>..#
#..........+....#


You could see an orc.

Vanquished Creatures
  An orc wizard (D:2)
  3 adders
  2 dart slugs
  2 orcs (D:2)
  4 ball pythons
  5 endoplasms
  3 giant cockroaches (D:1)
  4 goblins
  5 hobgoblins
  6 jackals (D:2)
  4 quokkas
  7 bats
  4 frilled lizards
  4 kobolds
  2 rats (D:2)
56 creatures vanquished.

Vanquished Creatures (others)
  16 plants (D:2)
16 creatures vanquished.

Grand Total: 72 creatures vanquished

Notes
Turn   | Place    | Note
-------+----------+-------------------------------------------
     0 | D:1      | Bnni the Formicid Fighter began the quest for the Orb.
     0 | D:1      | Reached XP level 1. HP: 18/18 MP: 1/1
   139 | D:1      | Reached XP level 2. HP: 24/24 MP: 2/2
   257 | D:1      | Found a faded altar of an unknown god.
   416 | D:1      | Reached XP level 3. HP: 29/29 MP: 3/3
   991 | D:2      | Reached XP level 4. HP: 34/37 MP: 4/4
  1263 | D:2      | Found Gixt's Weapon Shoppe.
  1280 | D:2      | Reached XP level 5. HP: 38/42 MP: 5/5
  1618 | D:3      | HP: 1/43 [orc/+1 heavy morningstar (11)]
  1620 | D:3      | Demolished by an orc

Illustrated notes

Levels and vault maps discovered:
D:1:      denvon_arrival_planthouse, layout_loops_ring,
          ebering_ecumenical_altar_box, wad_floor_pattern_2,
          corexii_leaking_fountain
D:2:      layout_basic, serial_bayou, serial_bayou_shore_a,
          serial_bayou_shore_b, serial_bayou_lagoon_b, serial_bayou_pond_b,
          serial_shops, shop
D:3:      layout_basic, mainiacjoe_overflow_cross_hatched,
          chequers_serial_rivers_small_b

Skill      XL: |  1  2  3  4 |
---------------+-------------+-----
Axes           | 3 4 |  4.3
Fighting       | 4 |  4.3
Armour         | |  3.2
Shields        | |  4.0

Action                     |  1- 3 |  4- 6 || total
---------------------------+-------+-------++-------
  Melee: War axe           |    72 |    62 ||   134
 Armour: Scale mail        |    43 |    38 ||    81
  Dodge: Dodged            |    36 |    29 ||    65
  Block: Buckler           |    19 |    31 ||    50

Table legend: (Time is in decaauts)
 A = Elapsed time spent in this place.
 B = Non-inter-level travel time spent in this place.
 C = Inter-level travel time spent in this place.
 D = Time resting spent in this place.
 E = Time spent auto-exploring this place.
 F = Levels seen in this place.
 G = Mean time per level.
                   A        B        C        D        E       F      G
               +--------+--------+--------+--------+--------+-----+--------+
         Total |   1704 |   1653 |     51 |      0 |   1253 |   3 |  568.0 |
       Dungeon |   1704 |   1653 |     51 |      0 |   1253 |   3 |  568.0 |
               +--------+--------+--------+--------+--------+-----+--------+

Top non-repeatable levels by time:
     D:2: 872 daAuts
     D:1: 731 daAuts
     D:3: 100 daAuts
